 Dungeon Crawl Stone Soup version 0.30-a0-568-g124715a40b (webtiles) character file.

Game seed: 10755648578523005367

39 bande the Covered (level 3, -3/23 HPs)
             Began as a Gargoyle Fighter on Dec 29, 2022.
             Killed from afar by Sigmund (4 damage)
             ... with a magic dart
             ... on level 2 of the Dungeon.
             The game lasted 00:01:23 (970 turns).

bande the Covered (Gargoyle Fighter)                 Turns: 970, Time: 00:01:24

Health: -3/23      AC: 10    Str: 19    XL:     3   Next: 47%
Magic:  3/3        EV:  9    Int:  8    God:
Gold:   44         SH:  0    Dex: 11    Spells: 2/2 levels left

rFire   . . .      SeeInvis .    a - +0 war axe
rCold   . . .      Faith    .    c - +0 buckler
rNeg    + . .      Spirit   .    b - +0 scale mail
rPois   ∞          Reflect  .    (no helmet)
rElec   +          Harm     .    (no cloak)
rCorr   .          Rampage  .    (no gloves)
Will    .....                    (no boots) Stlth
                                 (no amulet)
HPRegen 0.23/turn                (no ring)
MPRegen 0.08/turn                (no ring)

@: confused
A: sickness immunity, AC +3, negative energy resistance 1, electricity
resistance, torment resistance 1, petrification resistance
a: no special abilities


You were on level 2 of the Dungeon.
You visited 1 branch of the dungeon, and saw 2 of its levels.

You collected 44 gold pieces.

Inventory:

Hand Weapons
 a - a +0 war axe (weapon)
Missiles
 f - a throwing net (quivered)
Armour
 b - a +0 scale mail (worn)
 c - a +0 buckler (worn)
Scrolls
 e - a scroll of identify {unknown}
 h - a scroll of magic mapping {unknown}
Potions
 d - a potion of might
 g - a potion of haste {unknown}
 i - 2 potions of berserk rage {unknown}
 j - a potion of degeneration {unknown}


   Skills:
 + Level 3.5 Fighting
 + Level 2.7 Axes
 + Level 3.7 Armour
 + Level 3.4 Shields


You had 2 spell levels left.
You didn't know any spells.
Your spell library was empty.

Dungeon Overview and Level Annotations

Branches:
Dungeon (2/15)

Altars:

Shops:
D:1 =[

Annotations:
D:2 Sigmund


Innate Abilities, Weirdness & Mutations

You are immune to sickness and miasma.
Your stone body is resilient. (AC +3)
You are immune to poison.
You resist negative energy. (rN+)
You are resistant to electric shocks. (rElec)
You are resistant to unholy torment.
You are immune to petrification.


Message History

Done exploring.
Done exploring.
There is a stone staircase leading down here.
There is a stone staircase leading down here.
You climb downwards.
Sigmund shouts!
Found 9 gold pieces and a spear.
There is a stone staircase leading up here.
You hit the worm.
The worm is lightly wounded.
The worm bites you. Sigmund casts a spell at you.
You are confused.
In your confused state, you trip and fall back down the stairs.
The worm closely misses you.
You are too confused!
You are too confused!
You are too confused!
You are too confused!
You are too confused!
You are too confused!
You are too confused!
You are too confused!
You are too confused!
Unknown command.
Your library has no spells.
Sigmund hits you from afar with a +0 scythe!
In your confused state, you trip and fall back down the stairs.
The quokka barely misses you. The worm closely misses you.
Unknown command.
Sigmund screams, "Don't try to resist!"
Sigmund gestures at you while chanting. The magic dart hits you!
* * * LOW HITPOINT WARNING * * *
The quokka bites you but does no damage.
In your confused state, you trip and fall back down the stairs.
* * * LOW HITPOINT WARNING * * *
Sigmund gestures at you while chanting. The magic dart hits you.
You die...

.#. .###.. .
..####.....##
..#...#......).
..............#
..............#
...............
........w......
......r@.......
........#@####.
..#.##$.# .. ..
#..# ... . ....
... ..... #.
..... ....#.#


You could see Sigmund, a worm and a quokka.

Vanquished Creatures
  A gnoll (D:1)
  2 ball pythons (D:1)
  3 endoplasms (D:1)
  3 giant cockroaches (D:1)
  A goblin (D:1)
  6 hobgoblins (D:1)
  3 quokkas (D:1)
  A frilled lizard (D:1)
  2 kobolds (D:1)
  3 rats (D:1)
25 creatures vanquished.

Notes
Turn   | Place    | Note
-------+----------+-------------------------------------------
     0 | D:1      | bande the Gargoyle Fighter began the quest for the Orb.
     0 | D:1      | Reached XP level 1. HP: 14/14 MP: 1/1
    16 | D:1      | Found Ilesm's Antique Armour Shop.
   154 | D:1      | Reached XP level 2. HP: 19/19 MP: 2/2
   654 | D:1      | Found Iximoava's Jewellery Boutique.
   680 | D:1      | Reached XP level 3. HP: 21/23 MP: 3/3
   963 | D:2      | Noticed Sigmund
   970 | D:2      | HP: 1/23 [fell downstairs (1)]
   970 | D:2      | Killed from afar by Sigmund

Illustrated notes

Levels and vault maps discovered:
D:1:      saegor_arrival_simple_b, layout_loops_ring, serial_shops,
          nicolae_shop_behind_doors, nicolae_shop_statue_plus,
          minmay_misc_feat_x, hangedman_glass_teeth
D:2:      layout_rooms, uniq_sigmund, uniq_crazy_yiuf_cottage

Skill      XL: |  1 |
---------------+----+-----
Axes           | 2 |  2.7
Fighting       | |  3.5
Armour         | |  3.7
Shields        | |  3.4

Action                   || total
-------------------------++-------
Melee: War axe           ||    83
Armor: Scale mail        ||    55
Dodge: Dodged            ||    32
Block: Buckler           ||     9

Table legend: (Time is in decaauts)
 A = Elapsed time spent in this place.
 B = Non-inter-level travel time spent in this place.
 C = Inter-level travel time spent in this place.
 D = Time resting spent in this place.
 E = Time spent auto-exploring this place.
 F = Levels seen in this place.
 G = Mean time per level.
                   A        B        C        D        E       F      G
               +--------+--------+--------+--------+--------+-----+--------+
         Total |   1005 |   1005 |      0 |    170 |    618 |   2 |  502.5 |
       Dungeon |   1005 |   1005 |      0 |    170 |    618 |   2 |  502.5 |
               +--------+--------+--------+--------+--------+-----+--------+

Top non-repeatable levels by time:
     D:1: 998 daAuts
     D:2: 7 daAuts
